 Dungeon Crawl Stone Soup version 0.22.1-1-ga44c0e5 (webtiles) character file.

19 rabbit the Magician (level 2, 6/20 HPs)
             Began as a Gnoll Wizard on Oct 13, 2018.
             Quit the game on level 1 of the Dungeon.
             The game lasted 00:01:08 (168 turns).

rabbit the Magician (Gnoll Wizard)                   Turns: 168, Time: 00:01:09

Health: 6/20       AC:  2    Str:  9    XL:     2   Next: 75%
Magic:  5/19       EV: 14    Int: 20    God:
Gold:   49         SH:  0    Dex: 13    Spells: 14/15 levels left

rFire    . . .     SeeInvis .   h - +0 whip
rCold    . . .     Gourm    .   (no shield)
rNeg     . . .     Faith    .   c - +0 robe (curse)
rPois    .         Spirit   .   b - +0 hat
rElec    .         Reflect  .   (no cloak)
rCorr    .         Harm     .   (no gloves)
MR       .....                  (no boots)
Stlth    +++.......             (no amulet)
HPRegen  0.06/turn              e - ring of magical power
MPRegen  0.16/turn              (no ring)

@: no status effects
A: distributed training, fangs 1, strong nose
a: no special abilities


You were on level 1 of the Dungeon.
You were not hungry.

You visited 1 branch of the dungeon, and saw 1 of its levels.

You collected 49 gold pieces.

Inventory:

Hand Weapons
 h - a +0 whip (weapon)
Armour
 a - a +0 robe
 b - a +0 hat (worn)
 c - a cursed +0 robe (worn)
Jewellery
 e - a ring of magical power (left hand)
Potions
 f - a potion of degeneration {unknown}
 g - a potion of might {unknown}
Comestibles
 d - 2 rations


   Skills:
 + Level 0.5 Fighting
 + Level 0.5 Short Blades
 + Level 0.5 Long Blades
 + Level 0.5 Axes
 + Level 0.5 Maces & Flails
 + Level 0.5 Polearms
 + Level 0.5 Staves
 + Level 0.5 Slings
 + Level 0.5 Bows
 + Level 0.5 Crossbows
 + Level 0.5 Throwing
 + Level 0.5 Armour
 + Level 4.5 Dodging
 + Level 4.1 Stealth
 + Level 0.5 Shields
 + Level 0.5 Unarmed Combat
 + Level 7.1 Spellcasting
 + Level 2.0 Conjurations
 + Level 0.3 Hexes
 + Level 0.3 Charms
 + Level 2.0 Summonings
 + Level 0.3 Necromancy
 + Level 2.0 Translocations
 + Level 0.3 Transmutations
 + Level 0.3 Fire Magic
 + Level 0.3 Ice Magic
 + Level 0.3 Air Magic
 + Level 0.3 Earth Magic
 + Level 0.3 Poison Magic
 + Level 0.6 Invocations
 + Level 0.5 Evocations


You had 14 spell levels left.
You knew the following spells:

 Your Spells              Type           Power        Failure   Level  Hunger
a - Magic Dart            Conj           ###.         4%          1    None

Your spell library contained the following spells:

 Spells                   Type           Power        Failure   Level  Hunger
 Blink                    Tloc           N/A          6%          2    None
 Call Imp                 Summ           ###.....     6%          2    None
 Slow                     Hex            #.......     12%         2    None
 Conjure Flame            Conj/Fire      ##......     17%         3    #......
 Mephitic Cloud           Conj/Pois/Air  ##......     19%         3    #......


Dungeon Overview and Level Annotations

Branches:
Dungeon (1/15)

Altars:


Innate Abilities, Weirdness & Mutations

Your experience applies equally to all skills.
You have very sharp teeth.
Your uncanny sense of smell can sniff out nearby items.


Message History

A goblin comes into view. It is wielding a club.
You closely miss the kobold. The kobold hits you with a short sword.
The hobgoblin misses you.
You closely miss the kobold. The kobold misses you. The hobgoblin hits you.
You miss the kobold. The kobold barely misses you.
The hobgoblin closely misses you.
You closely miss the kobold.
The goblin shouts!
You bite the kobold, but do no damage. The kobold hits you with a short sword.
The hobgoblin closely misses you.
You hit the kobold but do no damage. You bite the kobold, but do no damage.
The kobold hits you with a short sword!
* * * LOW HITPOINT WARNING * * *
The hobgoblin misses you.
You are too injured to fight recklessly!
You are too injured to fight recklessly!
You are too injured to fight recklessly!
You are too injured to fight recklessly!
There are monsters nearby!
Are you sure you want to abandon this character and quit the game? (Confirm

##########.##+## #....# #.
...........##.#######....# #.
.........................####.
...........##.######.....##...
........†..[.## ##.#####...
.......).....# #.(# #...
.............# ##.# #...
.............#########.## ###.
.####....#...@Kl.....#..# ###.
#....#....g......##.# #...
#....###..g!..... #.# #...
#....# #######... #.# #...
#....# ∆.. #.###... #....# .
#..##... #.... ##.##...
#..#... ..####.###.


You could see a leopard gecko, a hobgoblin, a goblin and a kobold.

Vanquished Creatures
  A gnoll (D:1)
  A giant cockroach (D:1)
  3 goblins (D:1)
  A bat (D:1)
  2 kobolds (D:1)
  3 rats (D:1)
11 creatures vanquished.

Notes
Turn   | Place    | Note
-------+----------+-------------------------------------------
     0 | D:1      | rabbit the Gnoll Wizard began the quest for the Orb.
     0 | D:1      | Reached XP level 1. HP: 13/13 MP: 8/8
   128 | D:1      | Reached XP level 2. HP: 19/19 MP: 6/10
   168 | D:1      | Quit the game

Skill      XL: |  1 |
---------------+----+-----
Conjurations   | 2 |  2.0
Summonings     | 2 |  2.0
Translocations | 2 |  2.0
Fighting       | |  0.5
Short Blades   | |  0.5
Long Blades    | |  0.5
Axes           | |  0.5
Maces & Flails | |  0.5
Polearms       | |  0.5
Staves         | |  0.5
Slings         | |  0.5
Bows           | |  0.5
Crossbows      | |  0.5
Throwing       | |  0.5
Armour         | |  0.5
Dodging        | |  4.5
Stealth        | |  4.1
Shields        | |  0.5
Unarmed Combat | |  0.5
Spellcasting   | |  7.1
Hexes          | |  0.3
Charms         | |  0.3
Necromancy     | |  0.3
Transmutations | |  0.3
Fire Magic     | |  0.3
Ice Magic      | |  0.3
Air Magic      | |  0.3
Earth Magic    | |  0.3
Poison Magic   | |  0.3
Invocations    | |  0.6
Evocations     | |  0.5

Action                   || total
-------------------------++-------
Melee: Whip              ||     7
       Bite              ||     2
       Unarmed           ||     1
 Cast: Magic Dart        ||    19
Armor: Robe              ||     5
Dodge: Dodged            ||    16
